 Dungeon Crawl Stone Soup version 0.29.1-1-gd02db6906a (webtiles) character file.

Game seed: 15088670494127145288

60 jamesp the Insei (level 4, -4/43 HPs)
             Began as an Octopode Transmuter on Sept 30, 2022.
             Slain by a gnoll
             ... wielding a +0 halberd
              (10 damage)
             ... on level 3 of the Dungeon.
             The game lasted 00:08:02 (2800 turns).

jamesp the Insei (Octopode Transmuter)              Turns: 2800, Time: 00:08:03

Health: -4/43      AC: 22    Str:  9    XL:     4   Next: 6%
Magic:  7/7        EV:  2    Int: 17    God:
Gold:   100        SH:  0    Dex: 12    Spells: 4/8 levels left

rFire   . . .      SeeInvis .     - Unarmed
rCold   . . .      Faith    .   (no shield)
rNeg    . . .      Spirit   .   (helmet currently unavailable)
rPois   +          Reflect  .   (no amulet)
rElec   .          Harm     .   i - ring of poison resistance
rCorr   .          Rampage  .   (no ring)
Will    .....      NoTele   +   (no ring)
Stlth   +.........              (no ring)
HPRegen 0.14/turn               (no ring)
MPRegen 0.10/turn               (no ring)
                                (no ring)
                                (no ring)

@: tree-form
A: stationary, stasis, torment immunity, boosted hp, almost no armour,
(amphibious), 8 rings, (camouflage 1), (gelatinous body 1), (nimble swimmer 1),
(tentacles)
a: no special abilities


You were on level 3 of the Dungeon.
You were a tree.
You visited 1 branch of the dungeon, and saw 3 of its levels.

You collected 100 gold pieces.

Inventory:

Missiles
 e - 14 stones
 m - 3 poisoned darts
Jewellery
 i - a ring of poison resistance (left branch)
Scrolls
 c - a scroll of enchant weapon {unknown}
 d - a scroll of immolation {unknown}
 f - 3 scrolls of identify {unknown}
 k - a scroll of poison {unknown}
 o - a scroll of fear {unknown}
Potions
 a - a potion of lignification
 b - a potion of might {unknown}
 g - 2 potions of haste {unknown}
 h - 3 potions of attraction {unknown}
 j - 2 potions of invisibility {unknown}
 l - 2 potions of mutation {unknown}
 n - a potion of curing {unknown}


   Skills:
 + Level 2.0 Fighting
 - Level 2.0 Dodging
 + Level 3.5 Unarmed Combat
 + Level 2.6 Spellcasting
 + Level 2.6 Transmutations


You had 4 spell levels left.
You knew the following spells:

 Your Spells              Type           Power      Damage    Failure   Level
a - Beastly Appendage     Tmut           22%        N/A       6%          1
b - Spider Form           Tmut/Pois      6%         N/A       32%         3

Your spell library contained the following spells:

 Spells                   Type           Power      Damage    Failure   Level
 Wereblood                Tmut           11%        N/A       10%         2
 Ozocubu's Armour         Ice            2%         N/A       50%         3
 Portal Projectile        Hex/Tloc       4%         N/A       50%         3
 Tukima's Dance           Hex            2%         N/A       50%         3
 Ice Form                 Ice/Tmut       6%         N/A       71%         4
 Blade Hands              Tmut           5%         N/A       86%         5
 Fireball                 Conj/Fire      1%         3d3       99%         5
 Iskenderun's Battlesphe  Conj           2%         2d6       99%         5
 Conjure Ball Lightning   Conj/Air       1%         3x3d6     100%        6
 Orb of Destruction       Conj           1%         9d5       100%        7
 Ozocubu's Refrigeration  Ice            1%         4d7       100%        7


Dungeon Overview and Level Annotations

Branches:
Dungeon (3/15)

Altars:


Innate Abilities, Weirdness & Mutations

You are a tree.
Your roots penetrate the ground, keeping you stationary.
You cannot be teleported.
You are immune to unholy pain and torment.
Your maximum health is greatly increased.
You cannot wear most types of armour.
((You are amphibious.))
You can wear up to eight rings at the same time.
((Your skin changes colour to match your surroundings (Stealth+).))
((Your rubbery body absorbs attacks. (AC +1, EV +1)))
((You are camouflaged when in or above water. (Stealth+)))
((You have tentacles for arms and can constrict up to eight enemies at once.))


Message History

Confirm with . or Enter, or press ? or * to list all spells.
One of your tentacles grows a vicious spike. 2 gnolls come into view.
The gnoll shouts! x2
There is an open door here.
The gnoll hits you with a +0 whip!
The gnoll shouts!
You tentacle-slap the gnoll. You grab the gnoll.
You pierce the gnoll.
The gnoll is heavily wounded.
You constrict the gnoll. The gnoll closely misses you.
You tentacle-slap the gnoll but do no damage.
You pierce the gnoll.
The gnoll is severely wounded.
You constrict the gnoll. The gnoll closely misses you.
You completely miss the gnoll.
The gnoll is severely wounded.
You constrict the gnoll. The gnoll hits you with a +0 whip.
The gnoll misses you. The gnoll closely misses you.
You release your grip on the gnoll.
The gnoll attacks as you move away! The gnoll misses you.
The gnoll attacks as you move away! The gnoll hits you with a +0 whip!
* * * LOW HITPOINT WARNING * * *
There is an open door here.
The gnoll attacks as you move away! The gnoll misses you.
The gnoll attacks as you move away! The gnoll hits you with a +0 whip.
* * * LOW HITPOINT WARNING * * *
Really quaff the potion of lignification?
Okay, then.
Really quaff the potion of lignification?
Your tentacle spike disappears.
You turn into a tree.
Your roots penetrate the ground.
You barely miss the gnoll. The gnoll hits you but does no damage.
You smack the gnoll!
The gnoll is almost dead.
The gnoll hits you but does no damage. x2
You hit the gnoll but do no damage.
The gnoll is almost dead.
The gnoll hits you but does no damage. x2
The gnoll hits you from afar with a +0 halberd!
You die...

#......# . #.[....
..#...... .........
#......##########+##
##.....#...........#
#......gg..........#
#......#g§≈≈§≈§§≈..#
#.....g#♣g......≈..#
#......#..≈§≈≈≈.≈..#
#...g..#..≈..$§.≈..#
#......#..≈.§§§[≈..#
#......#..≈.≈§≈.≈..#
#.######..≈.§§§.≈..#
#. #..≈≈≈≈≈§§..#
#...........+
#.......†...#


You could see 4 gnolls.

Vanquished Creatures
  An adder (D:2)
  A worm (D:2)
  4 dart slugs
  3 ball pythons
  2 bats (D:2)
  7 endoplasms
  2 giant cockroaches (D:1)
  2 goblins
  3 hobgoblins (D:1)
  7 kobolds
  3 frilled lizards
  2 rats (D:1)
37 creatures vanquished.

Notes
Turn   | Place    | Note
-------+----------+-------------------------------------------
     0 | D:1      | jamesp the Octopode Transmuter began the quest for the Orb.
     0 | D:1      | Reached XP level 1. HP: 13/13 MP: 3/3
   364 | D:1      | Reached XP level 2. HP: 18/18 MP: 3/5
   708 | D:1      | Reached XP level 3. HP: 6/23 MP: 4/6
   944 | D:1      | Learned a level 3 spell: Spider Form
  2399 | D:2      | Reached XP level 4. HP: 27/29 MP: 5/7
  2800 | D:3      | Slain by a gnoll

Illustrated notes

Levels and vault maps discovered:
D:1:      nzn_arrival_depleted_hourglass, layout_basic, grunt_decor_mini_mirrors
D:2:      layout_basic, hex_large, minmay_cupped
D:3:      layout_basic, nicolae_overflow_quartered_altars, serial_shops, shop,
          kennysheep_small_spiral

Skill      XL: |  1  2  3 |
---------------+----------+-----
Fighting       | 2 |  2.0
Dodging        | |  2.0
Unarmed Combat | |  3.5
Spellcasting   | |  2.6
Transmutations | |  2.6

Action                   |  1- 3 |  4- 6 || total
-------------------------+-------+-------++-------
Melee: Unarmed           |    82 |    10 ||    92
       Kick              |    24 |     2 ||    26
       Constrict         |    21 |     1 ||    22
       Tentacles         |    14 |       ||    14
 Cast: Beastly Appendage |    21 |     2 ||    23
  Use: Potion            |       |     1 ||     1
 Stab: Sleeping          |     4 |     2 ||     6
Armor: Skin              |     1 |     5 ||     6
Dodge: Dodged            |    49 |     6 ||    55
